Map: Blueshift LE

Players

UpATree

  • Race: Terran Terran
  • League: Master
  • Spawn Location: 1:00

IIIIIIIIIIII (FireFoX) - Winner!

  • Race: Zerg Zerg
  • League: Grandmaster
  • Spawn Location: 7:00

VOD

Have the link to the VOD?

Description

Time

  • Played on: Aug. 22, 2018, 8:31 a.m.
  • Length: 4:51
Show
View Real Time Build Order
Export as new Build Order

UpATree Terran 

Build Orders:  

Get SALT Encoding   

  12  0:05  SCV  
  13  0:17  SCV  
  13  0:21  Supply Depot  
  14  0:29  SCV  
  14  0:32  Refinery  
  15  0:42  SCV  
  16  0:46  Barracks  
  16  0:54  SCV  
  17  1:06  SCV  
  18  1:18  SCV  
  20  1:34  Reaper  
  20  1:36  Orbital Command  
  20  1:47  Command Center  
  20  2:01  Barracks  
  20  2:02  SCV  
  21  2:10  Barracks Reactor  
  21  2:14  SCV  
  22  2:18  Supply Depot  
  22  2:22  Refinery  
  22  2:26  SCV  
  23  2:39  SCV  
  24  2:44  Factory  
  24  2:46  Marine  
  24  2:47  Marine  
  24  2:51  Barracks Tech Lab  
  26  2:52  SCV  
  27  3:04  SCV  
  27  3:05  Marine x2  
  30  3:11  Orbital Command  
  30  3:12  Marine  
  31  3:16  SCV  
  32  3:23  Marine  
  32  3:26  Marine  
  34  3:28  SCV  
  34  3:32  Factory Reactor  
  34  3:33  Starport  
  35  3:34  Marine  
  35  3:39  SCV  
  36  3:45  SCV  
  37  3:49  Marine x2  
  37  3:51  SCV  
  40  3:56  Supply Depot  
  40  3:57  SCV  
  41  4:03  Marine, SCV  
  41  4:07  Marine  
  41  4:09  SCV  
  45  4:15  SCV  
  46  4:17  Marine  
  46  4:18  Medivac x2  
  46  4:19  Factory Tech Lab  
  46  4:21  SCV  
  52  4:25  Supply Depot  
  52  4:26  Marine  
  52  4:28  SCV  
  54  4:33  Marine  
Show
View Real Time Build Order
Export as new Build Order

IIIIIIIIIIII Zerg - Winner!

Build Orders: Hatch First 

Get SALT Encoding   

  12  0:01  Drone  
  13  0:08  Drone  
  14  0:17  Overlord  
  14  0:25  Extractor  
  14  0:26  Drone  
  15  0:35  Drone x2  
  17  0:52  Hatchery  
  17  0:55  Drone  
  17  1:00  Extractor  
  17  1:01  Drone  
  17  1:16  Spawning Pool  
  17  1:17  Drone  
  17  1:20  Drone  
  18  1:27  Drone  
  19  1:38  Overlord  
  19  2:03  Queen  
  19  2:04  Metabolic Boost, Zergling x4  
  19  2:06  Queen  
  25  2:16  Drone x2  
  25  2:18  Drone  
  28  2:37  Hatchery  
  28  2:39  Zergling x2  
  28  2:40  Drone  
  28  2:43  Drone  
  30  2:47  Drone  
  31  2:52  Overlord  
  31  3:00  Zergling x6  
  34  3:07  Zergling x2  
  35  3:14  Zergling x8  
  39  3:20  Baneling Nest  
  38  3:31  Zergling x4  
  38  3:33  Zergling x4  
  42  3:42  Zergling x4  
  44  3:49  Zergling x4  
  45  4:03  Zergling x8  
  49  4:12  Overlord  
  49  4:13  Overlord  
  49  4:16  Baneling x7  
  49  4:31  Zergling x2  
  50  4:33  Zergling x2  
  50  4:34  Zergling x2  
Tags
 
Add a new tag
Caveats
  • Supply blocks, unpowered buildings, or Contaminate may cause inaccurate times.
  • Supply counts are checked every 10 seconds.